 Dungeon Crawl Stone Soup version 0.29-a0-284-gf9362112df (webtiles) character file.

Game seed: 12835382940343042775

1549 spaghetti the Insei (level 8, -1/48 HPs)
             Began as an Octopode Transmuter on Mar 20, 2022.
             Was a Believer of Uskayaw.
             Slain by an orc wizard
             ... wielding a +0 dagger
              (4 damage)
             ... on level 6 of the Dungeon.
             The game lasted 00:17:28 (8956 turns).

spaghetti the Insei (Octopode Transmuter)           Turns: 8956, Time: 00:17:29

Health: -1/48      AC:  1    Str: 12    XL:     8   Next: 87%
Magic:  10/12      EV: 14    Int: 16    God:    Uskayaw [**....]
Gold:   290        SH:  0    Dex: 12    Spells: 5/11 levels left

rFire   . . .      SeeInvis .     - Unarmed
rCold   . . .      Faith    +   (no shield)
rNeg    + . .      Spirit   .   (helmet currently unavailable)
rPois   .          Reflect  .   f - amulet of faith {!P}
rElec   .          Harm     .   l - ring of Deapezo {rN+ Str+3}
rCorr   .          Rampage  .   m - +4 ring of slaying
Will    .....                   (no ring)
Stlth   ++++......              (no ring)
HPRegen 0.16/turn               (no ring)
MPRegen 0.13/turn               (no ring)
                                (no ring)
                                (no ring)

@: appendages, wereblooded
A: tentacle spike 3, almost no armour, amphibious, 8 rings, camouflage 1,
gelatinous body 1, (nimble swimmer 1), tentacles, mutation resistance 1, weak 1
a: End Transformation, Renounce Religion, Stomp, Line Pass


You were on level 6 of the Dungeon.
You worshipped Uskayaw.
Uskayaw was noncommittal.
One of your tentacles had grown a beastly spike.
You visited 1 branch of the dungeon, and saw 6 of its levels.
You also visited: Ossuary.

You collected 290 gold pieces.


Innate Abilities, Weirdness & Mutations

One of your tentacles has grown a beastly spike.
You cannot wear most types of armour.
You are amphibious.
You can wear up to eight rings at the same time.
Your skin changes colour to match your surroundings (Stealth+).
Your rubbery body absorbs attacks. (AC +1, EV +1)
((You are camouflaged when in or above water. (Stealth+)))
You have tentacles for arms and can constrict up to eight enemies at once.
You are somewhat resistant to further mutation.
You are weak. (Str -2)


   Skills:
 - Level 1.0 Fighting
 + Level 4.0 Dodging
 + Level 5.5 Stealth
 + Level 6.2 Unarmed Combat
 - Level 2.0 Spellcasting
 + Level 5.6 Transmutations
 + Level 5.6 Invocations


You had 5 spell levels left.
You knew the following spells:

 Your Spells              Type           Power      Damage    Failure   Level
a - Beastly Appendage     Tmut           38%        N/A       1%          1
b - Wereblood             Tmut           19%        N/A       3%          2
c - Spider Form           Tmut/Pois      10%        N/A       21%         3

Your spell library contained the following spells:

 Spells                   Type           Power      Damage    Failure   Level
 Passwall                 Tmut/Erth      8%         N/A       10%         2
 Animate Skeleton         Necr           2%         N/A       21%         1
 Pain                     Necr           4%         1d4       21%         1
 Sandblast                Erth           2%         2d4       21%         1
 Stone Arrow              Conj/Erth      2%         3d7       52%         3
 Vampiric Draining        Necr           1%         2d6       52%         3
 Ice Form                 Ice/Tmut       10%        N/A       54%         4

Inventory:

Missiles
 b - 5 javelins {throwing}
 i - 266 stones (quivered) {throwing}
 n - 6 silver boomerangs {throwing}
 q - 16 poisoned darts {throwing}
Jewellery
 f - an amulet of faith (around mantle) {!P}
   (You found it on level 1 of the Dungeon)
 l - the ring of Deapezo (left tentacle) {rN+ Str+3}
   (You acquired it on level 4 of the Dungeon)

   [ring of positive energy]

   Str:       It affects your strength (+3).
   rN:        It protects you from negative energy.
 m - a +4 ring of slaying (right tentacle)
   (You took it off a kobold on level 4 of the Dungeon)
 u - an amulet of reflection
   (You found it on level 5 of the Dungeon)
Wands
 t - a wand of iceblast (14)
   (You found it on level 4 of the Dungeon)
 y - a wand of acid (9)
   (You took it off a wight on level 6 of the Dungeon)
Scrolls
 c - 2 scrolls of immolation {!r!r}
 d - 6 scrolls of amnesia
 g - 2 scrolls of fog
 h - 3 scrolls of brand weapon {unknown}
 j - 4 scrolls of teleportation {@r4}
 k - a scroll of enchant armour {unknown}
 o - 2 scrolls of vulnerability {!r!r}
 w - 2 scrolls of enchant weapon {unknown}
Potions
 a - a potion of resistance {unknown}
 e - 5 potions of curing {@q1}
 r - a potion of magic
 s - 2 potions of brilliance
 v - a potion of degeneration {unknown}
 x - a potion of heal wounds {@q2}

Dungeon Overview and Level Annotations

Branches:
Dungeon (6/15)             Temple (0/1) D:4         Ossuary (visited)

Altars:
Dithmenos
Trog
Uskayaw
Vehumet

Shops:
D:1 ! D:2

? ##....#.....>...[#
***** ####...#.....<..#
,,,,* ##..##########
,,,,* ##.......# ,,,,*
######...####.#* ,,,,*
**#.......## *,,**
,,,,******#...####.##
**,,*
,,,>,,,,,.#.######.# **,*
,,,,*****......)@S.#****
*,* ,,,,*
*#.##.s{.so....# *,***
,,,,*
*,,*#.########.#***,,,***
,,,,* *<,..,*
*,,,,,,,,,,, *****
*,##*** *********,,, *,*
**** **,* *,,* ****


You could see an orc warrior (fleeing, ally target), 2 friendly scorpions and a
friendly adder (summoned).


Message History

You miss the bat. Your grab misses the bat.
Your tentacle spike misses the bat.
The bat barely misses you. The bat completely misses you.
You tentacle-slap the bat.
You kill the bat!
Your transformation is almost over. 😎 MP[+1]
Your primal bloodlust is almost over.
Your tentacle spike disappears.
i - 248 stones {throwing} (gained 28);
y - a wand of acid (9)
Things that are here:
a +0 short sword {short}; a +0 robe 😎 MP[+1]
Your mp is fully restored (12).
You howl as the wereblood boils in your veins!
Your primal bloodlust has ended.
You now have 269 gold pieces (gained 12).
i - 267 stones {throwing} (gained 19) Key pressed, stopping explore.
You see here a +0 dagger {short}.
You now have 290 gold pieces (gained 21).
q - 16 poisoned darts {throwing} (gained 6)
Found a stone staircase leading up.
Found an escape hatch in the floor.
z - a scroll of summoning
j - 4 scrolls of teleportation {@r4} (gained 1) Key pressed, stopping explore.
An orc warrior, an orc wizard and an orc come into view.
The orc warrior shouts!
There are monsters nearby!
Casting: Beastly Appendage (safe; 1% risk of failure)
Confirm with . or Enter, or press ? or * to list all spells.
One of your tentacles grows a vicious spike.
The orc wizard shouts!
The orc shouts! 😎 MP[-1]
You lost 1 mp, and now have 11/12 mp.
You throw a stone {throwing}.
The stone {throwing} hits the orc warrior but does no damage.
The orc warrior hits you from afar with a +0 trident! 😕 HP[-10]
You take 10 damage, and now have 38/48 hp.
MASSIVE DAMAGE!! (PAUSE)
Casting: Beastly Appendage (safe; 1% risk of failure)
Confirm with . or Enter, or press ? or * to list all spells.
Your blood is infused with primal strength.
The orc warrior hits you from afar with a +0 trident! 😮 HP[-8] MP[-2]
You take 8 damage, and now have 30/48 hp.
You lost 2 mp, and now have 9/12 mp.
Unknown command.
The orc warrior closely misses you.
You tentacle-slap the orc warrior but do no damage.
Your grab misses the orc warrior.
You pierce the orc warrior.
The orc wizard casts a spell.
The orc wizard flickers and vanishes!
Deactivating autopickup; reactivate with Ctrl-A.
Unknown command.
You bludgeon the orc!
You feel a bit better.
You kill the orc!
The orc warrior hits you with a +0 trident!
* * * LOW HITPOINT WARNING * * *
You hear some strange, mumbled words.
A magic dart appears from out of thin air!
The magic dart hits you.
* * * LOW HITPOINT WARNING * * *
😱 HP[-19]
You take 19 damage, and now have 11/48 hp.
MASSIVE DAMAGE!! (PAUSE)
Okay, then.
As you read the scroll of summoning, it crumbles to dust.
Wisps of shadow whirl around you... The orc warrior misses you.
Something hits you.
* * * LOW HITPOINT WARNING * * *
Unknown command.
As you read the scroll of fear, it crumbles to dust.
You assume a fearsome visage.
The orc warrior looks frightened!
Your scorpion barely misses something.
Your scorpion stings the orc warrior but does no damage.
Something closely misses your scorpion. 😱 MP[+1]
You tentacle-slap something.
You pierce something.
Your squeeze misses something.
Your adder closely misses the orc warrior.
Your scorpion barely misses something.
You can now pass through a line of other dancers.
You barely miss something.
You pierce something!
You hear some strange, mumbled words.
A magic dart appears from out of thin air!
The magic dart hits you!
* * * LOW HITPOINT WARNING * * *
Your adder barely misses the orc warrior.
Your scorpion barely misses something. 😱 HP[-8]
You take 8 damage, and now have 3/48 hp.
Unknown command.
You barely miss something.
Your tentacle spike misses something.
Your squeeze misses something.
Your adder bites the orc warrior but does no damage.
Something hits you.
You die...

Skill      XL: |  1  2  3  4  5  6  7  8 |
---------------+-------------------------+-----
Invocations    | 1 2 3 4 5 |  5.6
Unarmed Combat | 4 5 6 |  6.2
Transmutations | 3 4 5 |  5.6
Stealth        | 2 3 5 |  5.5
Dodging        | 4 |  4.0
Fighting       | |  1.0
Spellcasting   | |  2.0

Action                   |  1- 3 |  4- 6 |  7- 9 || total
-------------------------+-------+-------+-------++-------
Melee: Unarmed           |    62 |   131 |   139 ||   332
       Constrict         |    16 |    32 |    39 ||    87
       Tentacles         |     8 |    21 |    28 ||    57
       Punch             |     3 |     6 |     6 ||    15
       Kick              |     2 |    10 |    38 ||    50
Throw: Stone             |       |       |    18 ||    18
 Cast: Beastly Appendage |     3 |    11 |    21 ||    35
       Wereblood         |       |    13 |    18 ||    31
       Spider Form       |       |     1 |       ||     1
Invok: Line Pass         |     1 |     1 |     3 ||     5
       Stomp             |       |       |     1 ||     1
Evoke: Wand              |       |       |     1 ||     1
  Use: Scroll            |     3 |     3 |     7 ||    13
       Potion            |       |     7 |     4 ||    11
 Stab: Sleeping          |     5 |     2 |     6 ||    13
       Paralysed         |       |     5 |     4 ||     9
       Confused          |       |     1 |       ||     1
Armor: Skin              |     7 |     9 |    14 ||    30
Dodge: Dodged            |    37 |    94 |    80 ||   211

Levels and vault maps discovered:
D:1:      nicolae_arrival_washed_ashore, layout_loops_corners,
          shapermc_ecumenical_altar_gd, serial_shops, shop
D:2:      layout_basic, serial_shops, shop_fountains, minmay_bisected,
          uniq_crazy_yiuf_cottage, uniq_natasha, uniq_terence
D:3:      minmay_general_purpose_star, layout_basic,
          mainiacjoe_overflow_alcove_2, grunt_dithmenos_smoke_and_mirrors,
          minmay_misc_feat_columns
D:4:      kennysheep_slugbush, layout_basic, temple_statues
D:5:      layout_basic, lemuel_round_altar, uniq_prince_ribbit1
D:6:      layout_rooms, elyvilon_altar_5, cheibrodos_sewer_entry_sluice,
          nicolae_ossuary_entry_monument, uniq_sigmund

Notes
Turn   | Place    | Note
-------+----------+-------------------------------------------
     0 | D:1      | spaghetti the Octopode Transmuter began the quest for the
                  | Orb.
     0 | D:1      | Reached XP level 1. HP: 13/13 MP: 3/3
     0 | D:1      | magus.rc [v1.9.6]
   204 | D:1      | Found a faded altar of an unknown god.
   218 | D:1      | Prayed at the altar of an unknown god.
   218 | D:1      | Became a worshipper of Uskayaw the Reveller
   218 | D:1      | Reached * piety under Uskayaw
   403 | D:1      | Reached ** piety under Uskayaw
   454 | D:1      | Reached XP level 2. HP: 15/18 MP: 5/5
   631 | D:1      | Found Sifuf's Distillery.
   772 | D:1      | Reached *** piety under Uskayaw
  1096 | D:1      | Reached skill level 1 in Invocations
  1484 | D:2      | Reached XP level 3. HP: 23/23 MP: 6/6
  1495 | D:2      | Reached **** piety under Uskayaw
  1939 | D:2      | Found a runed translucent door.
  1940 | D:2      | Noticed Crazy Yiuf
  1967 | D:2      | Noticed Terence
  1981 | D:2      | Killed Terence
  1982 | D:2      | Reached skill level 2 in Invocations
  1982 | D:2      | Reached XP level 4. HP: 22/28 MP: 1/7
  2095 | D:2      | Learned a level 2 spell: Wereblood
  2139 | D:2      | Noticed Natasha
  2143 | D:2      | Killed Natasha
  2144 | D:2      | Reached skill level 4 in Unarmed Combat
  2144 | D:2      | Reached skill level 3 in Transmutations
  2304 | D:2      | Noticed Natasha
  2318 | D:2      | HP: 6/28 [Natasha/magic dart (6)]
  2321 | D:2      | Killed Natasha
  2322 | D:2      | Reached XP level 5. HP: 19/33 MP: 3/8
  2395 | D:2      | Noticed Natasha
  2401 | D:2      | Killed Natasha
  2760 | D:2      | Found Sanu's Magic Scroll Shoppe.
  3360 | D:2      | Killed Crazy Yiuf
  3361 | D:2      | Reached skill level 3 in Invocations
  3403 | D:3      | Found a bloodstained altar of Trog.
  3588 | D:3      | Reached XP level 6. HP: 21/38 MP: 6/9
  3591 | D:3      | Reached ***** piety under Uskayaw
  3796 | D:3      | You pick up a book of Necromancy and begin reading...
  3796 | D:3      | You add the spells Pain, Animate Skeleton and Vampiric
                  | Draining to your library.
  3801 | D:3      | Learned a level 3 spell: Spider Form
  4408 | D:3      | Found a shadowy altar of Dithmenos.
  4778 | D:4      | HP: 7/38 [orc/+0 whip (3)]
  5010 | D:4      | You pick up a book of Geomancy and begin reading...
  5010 | D:4      | You add the spells Sandblast, Passwall and Stone Arrow to
                  | your library.
  5185 | D:4      | Gained mutation: You occasionally shout uncontrollably at
                  | your foes. [potion of mutation]
  5195 | D:4      | Reached skill level 1 in Stealth
  5195 | D:4      | Reached skill level 4 in Transmutations
  5211 | D:4      | Reached skill level 5 in Unarmed Combat
  5223 | D:4      | Identified a scroll of acquirement
  5223 | D:4      | Acquired the ring of Deapezo {rN+ Str+3}
  5393 | D:4      | Reached skill level 2 in Stealth
  5393 | D:4      | Reached skill level 4 in Invocations
  5393 | D:4      | Reached XP level 7. HP: 25/43 MP: 6/10
  6036 | D:4      | Found a staircase to the Ecumenical Temple.
  6245 | D:5      | Entered Level 5 of the Dungeon
  6577 | D:5      | Reached skill level 3 in Stealth
  6697 | D:5      | Found a radiant altar of Vehumet.
  7058 | D:5      | Noticed Prince Ribbit
  7066 | D:5      | HP: 6/43 [iguana (5)]
  7527 | D:5      | Reached XP level 8. HP: 37/48 MP: 11/11
  7724 | D:5      | Reached skill level 3 in Dodging
  7724 | D:5      | Reached skill level 4 in Stealth
  7831 | D:5      | Killed Prince Ribbit
  7832 | D:5      | Reached skill level 5 in Transmutations
  7832 | D:5      | Reached skill level 5 in Invocations
  7947 | D:5      | Lost mutation: You occasionally shout uncontrollably at
                  | your foes. [potion of mutation]
  7947 | D:5      | Gained mutation: You are somewhat resistant to further
                  | mutation. [potion of mutation]
  7947 | D:5      | Gained mutation: You are weak. (Str -2) [potion of
                  | mutation]
  8026 | D:6      | HP: 14/66 [wight/+0 battleaxe (3)]
  8028 | D:6      | HP: 5/67 [wight/+0 battleaxe (10)]
  8231 | D:6      | Reached skill level 5 in Stealth
  8231 | D:6      | Reached skill level 6 in Unarmed Combat
  8270 | D:6      | Found a sand-covered staircase.
  8279 | Ossuary  | Entered an ossuary
  8279 | Ossuary  | Noticed a wraith
  8279 | Ossuary  | Noticed a wraith
  8279 | Ossuary  | Noticed a wraith
  8394 | Ossuary  | Noticed a wraith
  8407 | Ossuary  | HP: 8/48 [wraith (6)]
  8414 | Ossuary  | HP: 4/48 [wraith (6)]
  8415 | Ossuary  | Killed a wraith
  8812 | D:6      | Reached skill level 4 in Dodging
  8951 | D:6      | HP: 11/48 [something/magic dart (6)]
  8955 | D:6      | HP: 3/48 [something/magic dart (8)]
  8956 | D:6      | Slain by an orc wizard

Vanquished Creatures
  Prince Ribbit (D:5)
  A wraith (Ossuary)
  A water moccasin (D:5)
  An ogre (D:4)
  A phantom (D:5)
  A necrophage (D:4)
  A scorpion (D:5)
  4 wights (D:6)
  A howler monkey (D:3)
  Crazy Yiuf (D:2)
  2 hounds (D:5)
  5 iguanas
  An orc wizard (D:5)
  Natasha (thrice) (D:2)
  Terence (D:2)
  A mummy (Ossuary)
  11 adders
  4 worms
  9 dart slugs (D:4)
  11 orcs
  5 ball pythons
  5 endoplasms
  2 giant cockroaches
  11 goblins
  8 hobgoblins
  6 kobolds
  6 quokkas
  8 bats
  A frilled lizard (D:3)
  8 gnoll skeletons (Ossuary)
  4 kobold skeletons (Ossuary)
  13 orc skeletons (Ossuary)
  6 rats
144 creatures vanquished.

Vanquished Creatures (collateral kills)
  A bat (D:3)
1 creature vanquished.

Grand Total: 145 creatures vanquished

Table legend:
 A = Non-vault XP
 B = Vault XP
 C = Vault XP percentage of total XP
 D = Non-vault monster count
 E = Vault monster count
 F = Vault count percentage of total count
                 A         B        C        D         E       F
            +---------+---------+-------+---------+---------+-------
      Total |    1446 |     767 |  34.7 |      93 |      52 |  35.9
            +---------+---------+-------+---------+---------+-------
        D:1 |      28 |       0 |   0.0 |      15 |       0 |   0.0
        D:2 |     113 |     132 |  53.9 |      24 |       8 |  25.0
        D:3 |      20 |      83 |  80.6 |      11 |       5 |  31.2
        D:4 |     329 |      32 |   8.9 |      21 |       8 |  27.6
        D:5 |     642 |     268 |  29.5 |      16 |       1 |   5.9
        D:6 |     314 |       7 |   2.2 |       6 |       3 |  33.3
    Ossuary |       0 |     245 | 100.0 |       0 |      27 | 100.0
            +---------+---------+-------+---------+---------+-------

Illustrated notes

Table legend:
 A = Kills in this place as a percentage of kills in entire the game.
 B = Kills by you in this place as a percentage of kills by you in the entire game.
 C = Kills by friends in this place as a percentage of kills by friends in the entire game.
 D = Other kills in this place as a percentage of other kills in the entire game.
 E = Experience gained in this place as a percentage of experience gained in the entire game.
 F = Experience gained in this place divided by the number of levels of this place that you have seen.
                   A       B       C       D       E      F
               +-------+-------+-------+-------+-------+----------------------
         Total | 100.0 | 100.0 | 100.0 |   N/A | 100.0 | 316.1
       Dungeon |  81.4 |  81.2 | 100.0 |   N/A |  88.9 | 328.0
       Ossuary |  18.6 |  18.8 |   0.0 |   N/A |  11.1 | 245.0
               +-------+-------+-------+-------+-------+----------------------

Table legend: (Time is in decaauts)
 A = Elapsed time spent in this place.
 B = Non-inter-level travel time spent in this place.
 C = Inter-level travel time spent in this place.
 D = Time resting spent in this place.
 E = Time spent auto-exploring this place.
 F = Levels seen in this place.
 G = Mean time per level.
                   A        B        C        D        E       F      G
               +--------+--------+--------+--------+--------+-----+--------+
         Total |   8930 |   8835 |     95 |   1721 |   5933 |   7 | 1275.7 |
       Dungeon |   8413 |   8318 |     95 |   1545 |   5767 |   6 | 1402.2 |
       Ossuary |    516 |    516 |      0 |    176 |    166 |   1 |  516.0 |
               +--------+--------+--------+--------+--------+-----+--------+

Top non-repeatable levels by time:
     D:2: 2022 daAuts
     D:4: 1757 daAuts
     D:5: 1503 daAuts
     D:1: 1341 daAuts
     D:3: 1324 daAuts
 Ossuary: 516 daAuts
     D:6: 464 daAuts
